 Dungeon Crawl Stone Soup version 0.29-a0-1008-g949cc1d0fb (webtiles) character file.

Game seed: 6614460889870690833

38 garrulousMonolith the Vexing (level 3, -1/28 HPs)
             Began as a Gnoll Arcane Marksman on Aug 8, 2022.
             Slain by an iron imp (9 damage)
             ... summoned by Natasha
             ... on level 2 of the Dungeon.
             The game lasted 00:02:22 (1579 turns).

garrulousMonolith the Vexing (GnAM)                 Turns: 1579, Time: 00:02:23

Health: -1/28      AC:  9    Str:  9    XL:     3   Next: 43%
Magic:  7/7        EV:  4    Int: 14    God:
Gold:   63         SH:  0    Dex: 12    Spells: 6/7 levels left

rFire   + . .      SeeInvis .   i - +0 hammer
rCold   + . .      Faith    .   (no shield)
rNeg    . . .      Spirit   .   c - +1 chain mail {rF+}
rPois   .          Reflect  .   (no helmet)
rElec   .          Harm     .   (no cloak)
rCorr   .          Rampage  .   (no gloves)
Will    .....                   (no boots)
Stlth   ..........              (no amulet)
HPRegen 0.09/turn               h - ring of protection from cold
MPRegen 0.10/turn               (no ring)

@: about to teleport
A: fangs 1, strong nose, distributed training
a: no special abilities


You were on level 2 of the Dungeon.
You visited 1 branch of the dungeon, and saw 2 of its levels.

You collected 63 gold pieces.

Inventory:

Hand Weapons
 a - a +1 sling
 i - a +0 hammer (weapon)
Armour
 c - a +1 chain mail of fire resistance (worn)
 g - a +0 leather armour
Jewellery
 h - a ring of protection from cold (left hand)
Wands
 n - a wand of charming (10)
Scrolls
 b - a scroll of poison
 f - 2 scrolls of teleportation
 j - a scroll of identify {unknown}
 k - 2 scrolls of magic mapping {unknown}
 m - a scroll of enchant armour {unknown}
 o - a scroll of blinking {unknown}
 s - a scroll of butterflies {unknown}
Potions
 d - a potion of degeneration {unknown}
 e - 4 potions of curing
 l - a potion of berserk rage {unknown}
 p - a potion of haste {unknown}
 q - a potion of heal wounds {unknown}
 r - a potion of flight {unknown}


   Skills:
 + Level 2.6 Fighting
 + Level 0.8 Short Blades
 + Level 0.8 Long Blades
 + Level 0.8 Axes
 + Level 0.8 Maces & Flails
 + Level 0.8 Polearms
 + Level 0.8 Staves
 + Level 4.5 Ranged Weapons
 + Level 0.8 Throwing
 + Level 0.8 Armour
 + Level 4.5 Dodging
 + Level 0.8 Stealth
 + Level 0.8 Shields
 + Level 0.8 Unarmed Combat
 + Level 2.8 Spellcasting
 + Level 0.5 Conjurations
 + Level 5.4 Hexes
 + Level 0.5 Summonings
 + Level 0.5 Necromancy
 + Level 0.5 Translocations
 + Level 0.5 Transmutations
 + Level 0.5 Fire Magic
 + Level 0.5 Ice Magic
 + Level 0.5 Air Magic
 + Level 0.5 Earth Magic
 + Level 0.5 Poison Magic
 + Level 1.0 Invocations
 + Level 0.8 Evocations


You had 6 spell levels left.
You knew the following spells:

 Your Spells              Type           Power      Damage    Failure   Level
a - Slow                  Hex            68%        N/A       95%         1

Your spell library contained the following spells:

 Spells                   Type           Power      Damage    Failure   Level
 Inner Flame              Hex/Fire       10%        N/A       100%        3
 Portal Projectile        Hex/Tloc       20%        N/A       100%        3
 Cause Fear               Hex            8%         N/A       100%        4
 Petrify                  Tmut/Erth      3%         N/A       100%        4
 Summon Cactus Giant      Summ           1%         N/A       100%        6
 Malign Gateway           Summ/Tloc      1%         N/A       100%        7


Dungeon Overview and Level Annotations

Branches:
Dungeon (2/15)

Altars:

Shops:
D:1 (

Annotations:
D:2 1 runed translucent door, Crazy Yiuf, Natasha


Innate Abilities, Weirdness & Mutations

You have very sharp teeth.
Your uncanny sense of smell can sniff out nearby items.
Your experience applies equally to all skills.


Message History

Fire: a) +1 sling
Press: ? - help, Q - select action, (/) - cycle Shift-Dir - straight line, f/p - Natasha
Aim: Natasha (lightly wounded, 51% to hit)
You shoot a sling bullet.
The sling bullet closely misses Natasha.
Natasha barely misses you. Natasha claws you but does no damage.
Fire: a) +1 sling
Press: ? - help, Q - select action, (/) - cycle Shift-Dir - straight line, f/p - Natasha
Aim: Natasha (51% to hit)
You shoot a sling bullet. The sling bullet misses Natasha.
Natasha casts a spell.
Natasha claws you but does no damage.
Fire: a) +1 sling
Press: ? - help, Q - select action, (/) - cycle Shift-Dir - straight line, f/p - Natasha
Aim: Natasha (51% to hit)
You shoot a sling bullet. The sling bullet hits Natasha.
Natasha is moderately wounded.
Natasha claws you but does no damage. The iron imp hits you.
Natasha claws you but does no damage.
i - a +0 hammer (weapon)
Natasha barely misses you.
You barely miss Natasha.
Natasha is moderately wounded.
Natasha claws you but does no damage. The iron imp hits you!
Natasha barely misses you.
You barely miss Natasha.
Natasha is moderately wounded.
The iron imp hits you but does no damage.
Natasha claws you.
* * * LOW HITPOINT WARNING * * *
It was a potion of curing.
You feel better. The iron imp hits you.
Natasha howls an incantation.
You feel disoriented. Natasha claws you.
* * * LOW HITPOINT WARNING * * *
Okay, then.
As you read the scroll labelled DUSTEAME ALEPSE, it crumbles to dust.
You feel strangely unstable.
It was a scroll of teleportation.
Natasha claws you but does no damage. The iron imp hits you!
You die...

.# .# .# .#
.# .# .# .#
# #########
.#
........h@#
.#
.....####5#
.# #......#
.# #####.)#
.# # #..#
.##.# #..#
....# #..#
##### #..#
# ##..#


You could see an iron imp (summoned) and Natasha.

Vanquished Creatures
  2 giant cockroaches (D:2)
  2 goblins (D:2)
  3 hobgoblins (D:2)
  7 jackals
  4 kobolds
  3 quokkas
  3 ball pythons
  3 bats
  A frilled lizard (D:1)
  6 rats
34 creatures vanquished.

Notes
Turn   | Place    | Note
-------+----------+-------------------------------------------
     0 | D:1      | garrulousMonolith the Gnoll Arcane Marksman began the quest
                  | for the Orb.
     0 | D:1      | Reached XP level 1. HP: 17/17 MP: 4/4
    36 | D:1      | Reached XP level 2. HP: 23/23 MP: 5/5
    65 | D:1      | Found Cucwuisi's Antique Weapon Shop.
   181 | D:1      | Found a faded altar of an unknown god.
   690 | D:2      | Found a runed translucent door.
   691 | D:2      | Noticed Crazy Yiuf
   845 | D:2      | Got the Almanac of Sidekicks and Spelunking
   895 | D:2      | Reached XP level 3. HP: 15/28 MP: 5/7
  1292 | D:2      | Reached skill level 1 in Invocations
  1568 | D:2      | Noticed Natasha
  1579 | D:2      | Slain by an iron imp

Illustrated notes

Levels and vault maps discovered:
D:1:      denvon_arrival_waterhouse, layout_basic, serial_shops, shop,
          hellmonk_ecumenical_altar_run_dry
D:2:      minmay_diamond_boxcup, layout_loops_ring, kennysheep_generic_room_7,
          uniq_natasha, uniq_crazy_yiuf_cottage

Skill      XL: |  1  2  3 |
---------------+----------+-----
Invocations    | 1 |  1.0
Fighting       | |  2.6
Short Blades   | |  0.8
Long Blades    | |  0.8
Axes           | |  0.8
Maces & Flails | |  0.8
Polearms       | |  0.8
Staves         | |  0.8
Ranged Weapons | |  4.5
Throwing       | |  0.8
Armour         | |  0.8
Dodging        | |  4.5
Stealth        | |  0.8
Shields        | |  0.8
Unarmed Combat | |  0.8
Spellcasting   | |  2.8
Conjurations   | |  0.5
Hexes          | |  5.4
Summonings     | |  0.5
Necromancy     | |  0.5
Translocations | |  0.5
Transmutations | |  0.5
Fire Magic     | |  0.5
Ice Magic      | |  0.5
Air Magic      | |  0.5
Earth Magic    | |  0.5
Poison Magic   | |  0.5
Evocations     | |  0.8

Action                   || total
-------------------------++-------
Melee: Mace              ||    12
       Bite              ||     2
 Fire: Sling             ||   112
  Use: Scroll            ||     1
       Potion            ||     1
Armor: Robe              ||     2
       Chain mail        ||   118
Dodge: Dodged            ||    50

Table legend: (Time is in decaauts)
 A = Elapsed time spent in this place.
 B = Non-inter-level travel time spent in this place.
 C = Inter-level travel time spent in this place.
 D = Time resting spent in this place.
 E = Time spent auto-exploring this place.
 F = Levels seen in this place.
 G = Mean time per level.
                   A        B        C        D        E       F      G
               +--------+--------+--------+--------+--------+-----+--------+
         Total |   1661 |   1588 |     73 |     91 |   1148 |   2 |  830.5 |
       Dungeon |   1661 |   1588 |     73 |     91 |   1148 |   2 |  830.5 |
               +--------+--------+--------+--------+--------+-----+--------+

Top non-repeatable levels by time:
     D:2: 980 daAuts
     D:1: 681 daAuts
